Map: Newkirk Precinct TE (Void)

Players

Fropez - Winner!

  • Race: Protoss Protoss
  • League: Gold
  • Spawn Location: 5:00

A.I. 1 (Hard)

  • Race: Protoss Protoss
  • Spawn Location: 7:00

VOD

Have the link to the VOD?

Description

Time

  • Played on: Dec. 12, 2016, 7:12 p.m.
  • Length: 8:04
Show
View Real Time Build Order
Export as new Build Order

Fropez Protoss - Winner!

Build Orders: Oracle Opening 

Get SALT Encoding   

  12  0:01  Probe (Chrono Boost)  
  13  0:11  Probe (Chrono Boost)  
  14  0:18  Pylon  
  14  0:22  Probe (Chrono Boost)  
  15  0:30  Assimilator  
  15  0:36  Probe (Chrono Boost)  
  16  0:47  Probe (Chrono Boost), Gateway  
  17  0:57  Probe (Chrono Boost)  
  18  1:06  Assimilator  
  18  1:08  Probe (Chrono Boost)  
  19  1:19  Probe (Chrono Boost)  
  20  1:30  Probe (Chrono Boost)  
  21  1:34  Cybernetics Core  
  21  1:39  Pylon  
  21  1:40  Probe (Chrono Boost)  
  22  1:50  Pylon  
  22  1:51  Probe (Chrono Boost)  
  23  2:12  Nexus  
  23  2:15  Probe (Chrono Boost)  
  24  2:29  Probe (Chrono Boost), Stargate  
  25  2:35  Protoss Air Weapons Level 1 (Chrono Boost)  
  25  2:40  Probe  
  26  2:46  Pylon  
  26  2:52  Probe  
  27  2:58  Stalker  
  27  3:05  Probe  
  30  3:11  Oracle (Chrono Boost)  
  33  3:17  Probe  
  34  3:22  Probe  
  35  3:29  Probe  
  36  3:34  Probe  
  36  3:38  Oracle  
  37  3:47  Probe, Gateway  
  41  3:49  Stalker  
  41  3:51  Probe  
  44  3:56  Assimilator  
  44  4:00  Probe  
  45  4:03  Mothership Core  
  47  4:21  Oracle  
  47  4:27  Warp Gate (Chrono Boost)  
  50  4:37  Probe  
  50  4:38  Probe, Assimilator  
  52  4:41  Stalker x2  
  56  4:51  Pylon  
  56  4:53  Pylon  
  56  5:29  Oracle  
  56  5:35  Stalker  
  56  5:36  Stalker  
  60  5:52  Nexus  
  60  5:56  Assimilator, Gateway  
  60  6:01  Pylon, Assimilator  
  60  6:02  Pylon  
  60  6:06  Pylon  
  60  6:07  Gateway x2  
  60  6:11  Pylon  
  60  6:29  Stalker x2  
  60  6:47  Probe x2  
  62  6:55  Stalker x2  
  62  6:59  Probe x2  
  68  7:03  Oracle  
  68  7:04  Probe  
  68  7:07  Robotics Facility  
  72  7:11  Probe x2  
  72  7:12  Pylon  
  74  7:26  Probe, Stalker x3  
  74  7:27  Probe, Stalker x2  
  74  7:28  Probe  
  87  7:37  Probe  
  87  7:40  Probe  
Show
View Real Time Build Order
Export as new Build Order

A.I. 1 (Hard) Protoss 

Build Orders:  

Get SALT Encoding   

  12  0:01  Probe (Chrono Boost)  
  13  0:11  Probe (Chrono Boost)  
  14  0:21  Pylon  
  14  0:22  Probe (Chrono Boost)  
  15  0:39  Probe (Chrono Boost)  
  16  0:48  Assimilator  
  17  0:50  Probe (Chrono Boost), Gateway  
  17  1:00  Probe (Chrono Boost)  
  17  1:02  Pylon  
  18  1:11  Probe (Chrono Boost)  
  19  1:24  Probe (Chrono Boost)  
  20  1:33  Zealot  
  22  1:40  Cybernetics Core  
  22  1:46  Gateway  
  22  1:50  Assimilator  
  22  2:05  Pylon  
  22  2:14  Adept  
  22  2:15  Warp Gate  
  24  2:32  Zealot  
  26  2:40  Adept  
  28  2:44  Pylon  
  28  2:58  Stalker  
  30  3:06  Adept  
  30  3:10  Probe (Chrono Boost)  
  33  3:17  Pylon  
  33  3:22  Probe (Chrono Boost)  
  34  3:28  Adept  
  34  3:31  Adept  
  39  3:34  Probe (Chrono Boost)  
  39  3:40  Forge  
  39  3:46  Probe (Chrono Boost)  
  40  3:53  Adept  
  42  3:57  Adept  
  42  3:58  Probe (Chrono Boost)  
  45  4:09  Probe (Chrono Boost)  
  38  4:20  Probe (Chrono Boost)  
  38  4:31  Probe (Chrono Boost)  
  39  4:41  Probe (Chrono Boost)  
  40  4:48  Protoss Ground Weapons Level 1  
  41  4:53  Probe (Chrono Boost)  
  41  4:57  Stalker  
  41  4:59  Gateway  
  41  5:04  Probe (Chrono Boost)  
  41  5:07  Stalker  
  39  5:16  Probe (Chrono Boost)  
  39  5:20  Sentry  
  40  5:28  Probe (Chrono Boost)  
  35  5:40  Probe (Chrono Boost)  
  36  5:51  Probe (Chrono Boost)  
  37  6:19  Nexus  
  28  6:40  Probe (Chrono Boost)  
  18  6:51  Probe (Chrono Boost)  
  19  7:03  Probe (Chrono Boost)  
  19  7:14  Probe (Chrono Boost)  
  13  7:25  Probe (Chrono Boost)  
  16  7:37  Probe (Chrono Boost)  
  15  7:48  Probe (Chrono Boost)  
Tags
 
League
Gold
Matchup
PvP
Replay Pack
All Mines
Spawn Locations
Close Positions
Add a new tag
Caveats
  • Supply blocks, unpowered buildings, or Contaminate may cause inaccurate times.
  • Supply counts are checked every 10 seconds.